 Dungeon Crawl Stone Soup version 0.27-a0-385-g3208abaabc (webtiles) character file.

Game seed: 15446118827910117217

8377 dickylongcocking the Martial Artist (level 11, -7/72 HPs)
             Began as an Octopode Transmuter on Feb 19, 2021.
             Was a High Priest of Makhleb.
             Mangled by a cyan ugly thing (15 damage)
             ... on level 9 of the Dungeon.
             The game lasted 00:13:43 (10581 turns).

dickylongcocking the Martial Artist (OpTm)         Turns: 10581, Time: 00:13:43

Health: -7/72      AC:  3    Str:  9    XL:     11   Next: 29%
Magic:  13/16      EV: 15    Int: 19    God:    Makhleb [*****.]
Gold:   622        SH:  0    Dex: 15    Spells: 6/17 levels left

rFire    + . .     SeeInvis .     - Unarmed
rCold    . . .     Faith    .   (shield currently unavailable)
rNeg     + . .     Spirit   .   (helmet restricted)
rPois    .         Reflect  .   j - amulet of regeneration
rElec    .         Harm     .   c - ring of positive energy
rCorr    .         Rampage  .   t - ring of protection from fire
Will     .....                  (no ring)
Stlth    ++++......             (no ring)
HPRegen  1.22/turn              (no ring)
MPRegen  0.15/turn              (no ring)
                                (no ring)
                                (no ring)

@: blade tentacles (expiring), hasted, very quick
A: almost no armour, stealthy swim, amphibious, 8 rings, constrict 8, slimy
green scales 1, camouflage 1, agile 1, gelatinous body 1
a: End Transformation, Renounce Religion, Minor Destruction, Lesser Servant of
Makhleb, Major Destruction, Greater Servant of Makhleb


You were on level 9 of the Dungeon.
You worshipped Makhleb.
Makhleb was extremely pleased with you.
You had blades for tentacles.
You visited 1 branch of the dungeon, and saw 9 of its levels.
You also visited: Sewer.

You collected 622 gold pieces.

Inventory:

Jewellery
 c - a ring of positive energy (left scythe-like blade)
 j - an amulet of regeneration (around mantle)
 t - a ring of protection from fire (right scythe-like blade)
Wands
 g - a wand of random effects (9)
 p - a wand of iceblast (9)
 s - a wand of polymorph (9)
 y - a wand of paralysis (6)
Scrolls
 b - 10 scrolls of identify
 d - a scroll of fog {unknown}
 f - 6 scrolls of amnesia
 h - 3 scrolls of enchant weapon {unknown}
 i - 2 scrolls of random uselessness {unknown}
 k - a scroll of fear {unknown}
 l - a scroll of summoning {unknown}
 u - 3 scrolls of teleportation {unknown}
 w - 2 scrolls of magic mapping
 x - a scroll of holy word {unknown}
 D - a scroll of acquirement {unknown}
Potions
 e - a potion of mutation
 m - 4 potions of brilliance
 n - 6 potions of curing
 o - a potion of berserk rage {unknown}
 r - 3 potions of flight {unknown}
 v - a potion of magic {unknown}
 z - 2 potions of might
 A - 2 potions of attraction {unknown}
 B - a potion of degeneration {unknown}
Miscellaneous
 C - a lightning rod (inert)


   Skills:
 * Level 6.1 Fighting
 * Level 3.9 Dodging
 - Level 6.0 Stealth
 * Level 10.6 Unarmed Combat
 * Level 3.6 Spellcasting
 * Level 7.8 Transmutations
 - Level 2.0 Poison Magic
 - Level 6.9 Invocations
 - Level 3.4 Evocations


You had 6 spell levels left.
You knew the following spells:

 Your Spells              Type           Power        Failure   Level
a - Beastly Appendage     Tmut           66%          12%         1
b - Wereblood             Tmut           33%          14%         2
c - Spider Form           Tmut/Pois      11%          34%         3
x - Blade Hands           Tmut           16%          56%         5

Your spell library contained the following spells:

 Spells                   Type           Power        Failure   Level
 Passwall                 Tmut/Erth      15%          30%         2
 Sandblast                Erth           6%           54%         1
 Ice Form                 Ice/Tmut       18%          71%         4
 Petrify                  Tmut/Erth      18%          71%         4
 Stone Arrow              Conj/Erth      6%           82%         3
 Lee's Rapid Deconstruct  Erth           1%           100%        5


Dungeon Overview and Level Annotations

Branches:
Dungeon (9/15)             Temple (0/1) D:5            Lair (0/6) D:8
  Sewer (visited)
    Orc: D:9-12

Altars:
Cheibriados
Fedhas
Gozag
Hepliaklqana
Makhleb
Nemelex Xobeh
Qazlal
Uskayaw
Vehumet
Xom
Zin

Annotations:
D:4 3 runed translucent doors, Demosthentine's ghost, novice MfGl
D:8 3 runed translucent doors, Terrapin's ghost, novice TeAE


Innate Abilities, Weirdness & Mutations

You cannot wear most types of armour.
You are very stealthy in the water. (Stealth+)
You are amphibious.
You can wear up to eight rings at the same time.
You can use your tentacles to constrict eight enemies at once.
Your skin changes colour to match your surroundings (Stealth+).
Your rubbery body absorbs attacks. (AC +1, EV +1)
You are partially covered in slimy green scales. (AC +2)
You are agile. (Dex +2)


Message History

Press: ? - help, Shift-Dir - straight line, f - cyan ugly thing
Aim: a cyan ugly thing (chance to affect: 38%)
The cyan ugly thing resists with some effort.
The cyan ugly thing tentacle-slaps you. The cyan ugly thing shocks you!
Unknown command.
Unknown command.
Casting: Blade Hands (quite dangerous; 56% risk of failure)
Confirm with . or Enter, or press ? or * to list all spells.
Okay, then.
Okay, then.
Aiming: Paralyse
Press: ? - help, Shift-Dir - straight line, f/p - cyan ugly thing
Aim: a cyan ugly thing (chance to affect: 38%)
The cyan ugly thing resists with some effort.
The cyan ugly thing tentacle-slaps you! The cyan ugly thing shocks you!
The worker ant zombie waves its antennae.
Unknown command.
Your transformation is almost over.
You feel much better. The cyan ugly thing tentacle-slaps you!
The cyan ugly thing shocks you!
Aiming: Paralyse
Press: ? - help, Shift-Dir - straight line, f/p - cyan ugly thing
Aim: a cyan ugly thing (chance to affect: 38%)
The cyan ugly thing resists with some effort.
The cyan ugly thing tentacle-slaps you! The cyan ugly thing shocks you!
* * * LOW HITPOINT WARNING * * *
Unknown command.
Unknown command.
Unknown command.
Okay, then.
You feel much better. The cyan ugly thing tentacle-slaps you!
* * * LOW HITPOINT WARNING * * *
The cyan ugly thing shocks you!
* * * LOW HITPOINT WARNING * * *
Unknown command.
Unknown command.
Unknown command.
Okay, then.
You feel yourself speed up. The cyan ugly thing tentacle-slaps you!
You die...

################Z###.#
...##.##....♣ ♣.♣ #
♣.#.....#.♣♣♣#♣♣.♣♣#
..#..≈..#....#..♣..#
♣.#.....#.♣♣♣#♣♣.♣♣#
...##.##....♣ ♣.♣
#####.####### ♣Z♣ ♣♣.♣
♣u♣ ♣♣..♣♣ ♣@♣
♣♣....♣♣ ♣♣.♣♣
♣♣..♣♣..♣♣ ♣...♣
♣..♣♣♣♣..♣♣ ♣...♣
..♣♣♣♣♣♣..♣♣ ♣...♣
..♣♣.##♣♣..♣♣♣♣...♣#
♣.♣...##♣♣.........#
♣♣.#8..#......♣...♣#
.♣♣..(##...♣.#....♣


You could see a cyan ugly thing and a worker ant zombie.

Vanquished Creatures
  A centaur warrior (D:9)
  Pikel (D:8)
  A cyclops (D:8)
  A manticore (D:9)
  An efreet (D:9)
  A slime creature (D:9)
  A vampire (D:8)
  A wyvern (D:9)
  A vampire mosquito (D:9)
  A steam dragon (D:9)
  2 orc warriors
  2 ice beasts (D:9)
  2 black bears (D:9)
  2 sky beasts
  A necrophage (D:8)
  10 ogres
  A lemure (D:8)
  4 phantoms
  5 centaurs
  2 kobold brigands (Sewer)
  5 bullfrogs
  A wyvern zombie (D:9)
  A scorpion (D:9)
  3 killer bees (D:9)
  6 wights
  2 howler monkeys
  2 centaur zombies (D:9)
  A bullfrog zombie (D:5)
  A jelly (D:9)
  A gnoll shaman (D:6)
  6 orc priests
  2 centaur skeletons (D:4)
  9 hounds
  2 iguanas
  12 orc wizards
  10 worker ants
  3 hound skeletons
  9 gnolls
  A howler monkey skeleton (D:7)
  12 adders
  4 river rats (D:6)
  3 shadow imps
  4 white imps
  An ufetubus (D:9)
  2 oozes
  An adder skeleton (D:4)
  5 worms
  2 dart slugs
  6 leopard geckos
  42 orcs
  7 bats
  7 giant cockroaches
  10 goblins
  12 hobgoblins
  11 jackals
  24 kobolds
  5 quokkas
  5 ball pythons
  9 frilled lizards
  A leopard gecko skeleton (D:4)
  11 rats
302 creatures vanquished.

Vanquished Creatures (collateral kills)
  Maggie (D:8)
  3 wargs (D:8)
4 creatures vanquished.

Vanquished Creatures (others)
  A shadow imp (D:9)
  An adder skeleton (D:9)
  An orc (D:9)
  A quokka skeleton (D:9)
  2 bushes (D:4)
  16 plants
22 creatures vanquished.

Grand Total: 328 creatures vanquished

Notes
Turn   | Place    | Note
-------+----------+-------------------------------------------
     0 | D:1      | dickylongcocking the Octopode Transmuter began the quest
                  | for the Orb.
     0 | D:1      | Reached XP level 1. HP: 13/13 MP: 3/3
    84 | D:1      | Reached XP level 2. HP: 11/18 MP: 3/5
   578 | D:1      | Reached skill level 4 in Unarmed Combat
   709 | D:1      | Reached XP level 3. HP: 22/23 MP: 6/6
  1069 | D:2      | Learned a level 3 spell: Spider Form
  1685 | D:2      | Found a radiant altar of Vehumet.
  1692 | D:2      | Reached skill level 1 in Poison Magic
  1883 | D:2      | Reached XP level 4. HP: 28/28 MP: 7/7
  1986 | D:2      | Found a burning altar of Makhleb.
  1993 | D:2      | Became a worshipper of Makhleb the Destroyer
  2813 | D:2      | Found a sparkling altar of Nemelex Xobeh.
  2820 | D:2      | Found a hide-covered altar of Uskayaw.
  3006 | D:2      | Reached skill level 1 in Stealth
  3268 | D:3      | Reached XP level 5. HP: 32/33 MP: 4/8
  3539 | D:3      | Reached * piety under Makhleb
  3718 | D:3      | Found a stormy altar of Qazlal.
  3724 | D:3      | Noticed a phantom
  3738 | D:3      | Gained mutation: You are partially covered in slimy green
                  | scales. (AC +2) [potion of mutation]
  3738 | D:3      | Gained mutation: You are agile. (Dex +2) [potion of
                  | mutation]
  3759 | D:3      | Killed a phantom
  3760 | D:3      | Reached skill level 5 in Unarmed Combat
  3760 | D:3      | Reached XP level 6. HP: 39/39 MP: 7/9
  4048 | D:4      | Found a blossoming altar of Fedhas.
  4273 | D:4      | Reached XP level 7. HP: 42/46 MP: 6/10
  4413 | D:4      | Found a runed translucent gate.
  4413 | D:4      | Found a runed translucent gate.
  4413 | D:4      | Found a runed translucent gate.
  4414 | D:4      | Noticed Demosthentine's ghost (novice MfGl)
  4617 | D:4      | Learned a level 2 spell: Wereblood
  4742 | D:4      | Reached ** piety under Makhleb
  4991 | D:5      | Entered Level 5 of the Dungeon
  4996 | D:5      | Found a staircase to the Ecumenical Temple.
  5089 | D:5      | Reached skill level 6 in Unarmed Combat
  5556 | D:5      | Reached XP level 8. HP: 34/54 MP: 8/11
  5767 | D:6      | Reached skill level 5 in Transmutations
  5834 | D:6      | Found a shimmering altar of Xom.
  5848 | D:6      | Reached skill level 5 in Fighting
  5872 | D:6      | Reached skill level 5 in Stealth
  5872 | D:6      | Reached skill level 7 in Unarmed Combat
  5962 | D:6      | Reached *** piety under Makhleb
  6129 | D:6      | Found a glowing drain.
  6152 | Sewer    | Entered a sewer
  6429 | Sewer    | Reached XP level 9. HP: 48/61 MP: 9/12
  6991 | D:7      | Reached **** piety under Makhleb
  7000 | D:7      | Found a glowing silver altar of Zin.
  7114 | D:7      | Reached skill level 8 in Unarmed Combat
  7114 | D:7      | Reached skill level 1 in Invocations
  7563 | D:7      | Found a burning altar of Makhleb.
  7582 | D:7      | Found a hazy altar of Hepliaklqana.
  7582 | D:7      | Found a snail-covered altar of Cheibriados.
  7955 | D:8      | Noticed a cyclops
  7968 | D:8      | Killed a cyclops
  8083 | D:8      | Reached skill level 9 in Unarmed Combat
  8106 | D:8      | Found a staircase to the Lair.
  8107 | D:8      | Noticed Maggie
  8130 | D:8      | Killed Maggie
  8131 | D:8      | Reached skill level 5 in Invocations
  8131 | D:8      | Reached XP level 10. HP: 46/66 MP: 9/14
  8404 | D:8      | Reached skill level 1 in Evocations
  8512 | D:8      | Found a runed translucent gate.
  8513 | D:8      | Found a runed translucent gate.
  8513 | D:8      | Found a runed translucent gate.
  8514 | D:8      | Found an opulent altar of Gozag.
  8515 | D:8      | Noticed Terrapin's ghost (novice TeAE)
  8655 | D:8      | Noticed Pikel
  8678 | D:8      | Killed Pikel
  8987 | D:8      | Learned a level 5 spell: Blade Hands
  9013 | D:8      | Reached skill level 10 in Unarmed Combat
  9229 | D:9      | Reached ***** piety under Makhleb
  9787 | D:9      | Noticed a centaur warrior
  9798 | D:9      | Killed a centaur warrior
  9799 | D:9      | Reached XP level 11. HP: 39/72 MP: 9/16
 10284 | D:9      | Noticed a manticore
 10290 | D:9      | Killed a manticore
 10562 | D:9      | Noticed a cyan ugly thing
 10581 | D:9      | Mangled by a cyan ugly thing

Illustrated notes

Levels and vault maps discovered:
D:1:      amcnicky_arrival_flooded_fountain, layout_basic, minmay_heptomino_w4
D:2:      layout_basic, lemuel_doored_altar, nicolae_overflow_crystal_walls,
          amethyst_overflow_temple_binary
D:3:      layout_rooms, serial_bayou, serial_bayou_pond_e, serial_bayou_pond_e,
          serial_bayou_pond_b, serial_bayou_pond_e, grunt_qazlal_sundering
D:4:      layout_loops_ring, ebering_ghost_rock_garden,
          fedhas_bush_and_centaur_altar
D:5:      layout_basic, minmay_temple_entry_statues_pillars,
          cheibrodos_gnoll_hut
D:6:      layout_loops_cross, lightli_sewer_entry_pipes, xom_confusion_cloud
D:7:      layout_loops_cross, old_standard_altar,
          gammafunk_temple_overflow_pools, minmay_misc_feat_alley,
          makhleb_heckhound_becter
D:8:      layout_basic, erik_lair_orcish_takeover, ebering_ghost_gozag,
          uniq_pikel, uniq_maggie
D:9:      nzn_winding_woodlands_large [nzn_winding_woodlands_5x5_cross,
          nzn_winding_woodlands_5x15_default, nzn_winding_woodlands_5x5_default,
          nzn_winding_woodlands_center_pierced_h,
          nzn_winding_woodlands_15x15_thick_spiral,
          nzn_winding_woodlands_center_garden, nzn_winding_woodlands_5x5_three,
          nzn_winding_woodlands_5x15_split_checker,
          nzn_winding_woodlands_5x5_perimeter], layout_cave_pools,
          minmay_between

Skill      XL: |  1  2  3  4  5  6  7  8  9 10 11 |
---------------+----------------------------------+-----
Unarmed Combat | 4 5 6 7 9 10 | 10.6
Poison Magic   | 1 2 |  2.0
Stealth        | 1 2 3 4 5 6 |  6.0
Fighting       | 2 3 4 5 6 |  6.1
Transmutations | 3 4 6 7 |  7.8
Invocations    | 5 6 |  6.9
Evocations     | 3 |  3.4
Dodging        | 3 |  3.9
Spellcasting   | 3 |  3.6

Action                   |  1- 3 |  4- 6 |  7- 9 | 10-12 || total
-------------------------+-------+-------+-------+-------++-------
Melee: Unarmed           |    65 |   171 |   420 |   194 ||   850
       Constrict         |    14 |    28 |    37 |    22 ||   101
       Tentacles         |     6 |    21 |    36 |    24 ||    87
       Punch             |     2 |     8 |     9 |    13 ||    32
       Kick              |     2 |     3 |       |       ||     5
 Cast: Beastly Appendage |     2 |     3 |       |     2 ||     7
       Spider Form       |     4 |     9 |    26 |     4 ||    43
       Blade Hands       |       |       |       |    12 ||    12
Invok: Lesser Servant of |       |       |     1 |     1 ||     2
       Minor Destruction |       |       |       |     1 ||     1
       Major Destruction |       |       |       |     1 ||     1
Evoke: Wand              |       |       |       |     9 ||     9
       Lightning rod     |       |       |       |     4 ||     4
  Use: Potion            |       |     3 |     7 |     6 ||    16
       Scroll            |       |     7 |       |       ||     7
 Stab: Sleeping          |     5 |     6 |    23 |     4 ||    38
       Distracted        |       |     1 |     3 |     1 ||     5
       Invisible         |       |       |     5 |       ||     5
       Paralysed         |       |       |       |     1 ||     1
Armor: Skin              |     5 |    10 |    35 |    21 ||    71
Dodge: Dodged            |    52 |   149 |   317 |   159 ||   677

Table legend: (Time is in decaauts)
 A = Elapsed time spent in this place.
 B = Non-inter-level travel time spent in this place.
 C = Inter-level travel time spent in this place.
 D = Time resting spent in this place.
 E = Time spent auto-exploring this place.
 F = Levels seen in this place.
 G = Mean time per level.
                   A        B        C        D        E       F      G
               +--------+--------+--------+--------+--------+-----+--------+
         Total |  10431 |  10249 |    182 |   1435 |   6588 |  10 | 1043.1 |
       Dungeon |  10131 |   9949 |    182 |   1435 |   6413 |   9 | 1125.7 |
         Sewer |    300 |    300 |      0 |      0 |    175 |   1 |  300.0 |
               +--------+--------+--------+--------+--------+-----+--------+

Top non-repeatable levels by time:
     D:2: 1829 daAuts
     D:1: 1476 daAuts
     D:9: 1318 daAuts
     D:8: 1304 daAuts
     D:4: 1045 daAuts
     D:6: 1030 daAuts
     D:7: 903 daAuts
     D:5: 626 daAuts
     D:3: 596 daAuts
   Sewer: 300 daAuts
